 Dungeon Crawl Stone Soup version 0.20-a0-1034-gb277f92 (webtiles) character file.

38690 Gorglomux the Gelid (level 13, -5/86 HPs)
             Began as a White Draconian Ice Elementalist on Apr 21, 2017.
             Was a High Priest of Vehumet.
             Slain by a dire elephant (24 damage)
             ... on level 6 of the Lair of Beasts.
             The game lasted 00:56:42 (23017 turns).

Gorglomux the Gelid (DrIE)                         Turns: 23017, Time: 00:56:42

Health: -5/86      AC: 25    Str: 12    XL:     13   Next: 65%
Magic:  10/38      EV: 12    Int: 18    God:    Vehumet [*****.]
Gold:   905        SH:  0    Dex: 13    Spells: 24/36 levels left

rFire    . . .     SeeInvis .   a - +12 hunting sling of Extermination {venom, rN+ Stlth+}
rCold    + . .     Gourm    .   (no shield)
rNeg     + . .     Faith    +   (armour unavailable)
rPois    .         Spirit   .   (helmet restricted)
rElec    .         Reflect  .   r - +2 cloak
rCorr    .         Harm     .   u - +2 pair of gloves
MR       .....                  H - +2 pair of boots
Stlth    +++.......             Y - amulet of faith {Faith, !P}
Regen    0.3/turn               (no ring)
MPRegen  0.3/turn               P - ring of magical power {MP+9}

@: icy armour, short of breath, flying, slow
A: breathe frost, unfitting armour, cold resistance 1, cold-blooded, AC +8
a: Breathe Frost, Renounce Religion


You were on level 6 of the Lair of Beasts.
You worshipped Vehumet.
Vehumet was extremely pleased with you.
You were not hungry.

You visited 3 branches of the dungeon, and saw 17 of its levels.
You also visited: Sewer.

You collected 1061 gold pieces.
You spent 156 gold pieces at shops.

Inventory:

Hand Weapons
 a - the +12 hunting sling of Extermination (weapon) {venom, rN+ Stlth+}
   (You found it on level 10 of the Dungeon)

   It poisons the ammo it fires.
   It protects you from negative energy.
   It makes you more stealthy.
 b - the +4 hunting sling of Jakhoerr {freeze, *Corrode rElec SInv Stlth+}
   (You bought it in a shop on level 10 of the Dungeon)

   It causes projectiles fired from it to freeze those they strike, causing
   extra injury to most foes and up to half again as much damage against
   particularly susceptible opponents.
   They can also slow down cold-blooded creatures.
   It insulates you from electricity.
   It lets you see invisible.
   It may corrode you when you take damage.
   It makes you more stealthy.
Missiles
 e - 314 stones (quivered)
 l - 138 sling bullets
 F - a throwing net {=f, !d}
Armour
 r - a +2 cloak (worn)
   (You took it off Crazy Yiuf on level 7 of the Dungeon)
 u - a +2 pair of gloves (worn)
   (You found it on level 3 of the Dungeon)
 H - a +2 pair of boots (worn)
   (You found it on level 5 of the Lair of Beasts)
Magical Staves
 E - an uncursed staff of conjuration {!a}
   (You found it on level 7 of the Dungeon)
Jewellery
 k - an uncursed ring of resist corrosion
   (You found it on level 3 of the Lair of Beasts)
 G - a cursed -2 ring of intelligence
   (You found it on level 6 of the Lair of Beasts)
 P - a ring of magical power (right hand) {MP+9}
   (You found it on level 10 of the Dungeon)
 W - an uncursed ring of protection from fire {rF+, !d}
   (You found it on level 10 of the Dungeon)
 X - a +4 ring of intelligence
   (You found it on level 2 of the Lair of Beasts)
 Y - an amulet of faith (around neck) {Faith, !P}
   (You found it on level 1 of the Lair of Beasts)
Wands
 x - a wand of disintegration (24/24)
   (You took it off Ijyb on level 5 of the Dungeon)
 A - a wand of confusion (28/48)
   (You found it on level 4 of the Lair of Beasts)
 R - a wand of iceblast (8/15)
   (You found it on level 10 of the Dungeon)
 S - a wand of lightning (10/15)
   (You found it on level 10 of the Dungeon)
 V - a wand of digging (16/24)
   (You found it on level 2 of the Lair of Beasts)
Scrolls
 g - 13 scrolls of amnesia
 j - 4 scrolls of remove curse
 n - a scroll of fog
 o - 4 scrolls of magic mapping {!r}
 q - 3 scrolls of recharging
 t - 7 scrolls of teleportation
 y - 2 scrolls of fear
 J - a scroll of identify
 K - a scroll of random uselessness {unknown}
 L - a scroll of blinking {unknown}
 M - a scroll of summoning {unknown}
 O - 2 scrolls of noise {unknown}
 Z - a scroll of silence {unknown}
Potions
 c - 5 potions of agility
 f - a potion of haste {unknown}
 i - 9 potions of lignification {!q}
 m - a potion of berserk rage {!q}
 p - 4 potions of curing
 s - 3 potions of mutation {!q}
 v - 2 potions of magic
 w - 3 potions of cancellation
 z - 3 potions of ambrosia
 B - 3 potions of brilliance
 C - 4 potions of flight
 D - 5 potions of heal wounds
 I - 2 potions of might
 U - a potion of invisibility
Comestibles
 d - 4 royal jellies
 h - 18 fruits
 N - 4 meat rations {@e2@e2}
 Q - 13 bread rations {@e1@e1}


   Skills:
 * Level 9.2 Slings
 - Level 1.7 Dodging
 - Level 1.7 Stealth
 * Level 12.2 Spellcasting
 + Level 10.3 Conjurations
 - Level 4.7 Summonings
 + Level 15.2 Ice Magic


You had 24 spell levels left.
You knew the following spells:

 Your Spells              Type           Power        Failure   Level  Hunger
a - Freeze                Ice            ####         0%          1    None
b - Summon Ice Beast      Ice/Summ       #####...     1%          4    ##.....
x - Throw Icicle          Conj/Ice       ######..     1%          4    ##.....
A - Ozocubu's Armour      Chrm/Ice       #####...     1%          3    None


Dungeon Overview and Level Annotations

Branches:
Dungeon (10/15)            Temple (1/1) D:5            Lair (6/6) D:8
 Shoals (0/4) Lair:2       Spider (0/4) Lair:4        Slime (0/5) Lair:6
    Orc (0/2) D:9

Altars:
Ashenzari
Cheibriados
Dithmenos
Elyvilon
Fedhas
Gozag
Hepliaklqana
Kikubaaqudgha
Makhleb
Nemelex Xobeh
Okawaru
Qazlal
Ru
Sif Muna
Trog
Uskayaw
Vehumet
Wu Jian
Xom
Yredelemnul
Zin
The Shining One
Jiyva

Shops:
D:5 (   D:10 (*


Innate Abilities, Weirdness & Mutations

You can breathe waves of freezing cold.
You can buffet flying creatures when you breathe cold.
Your icy white scales are hard. (AC +8)
You cannot fit into any form of body armour.
Your flesh is cold resistant. (rC+)
You are cold-blooded and may be slowed by cold attacks.


Message History

The dire elephant barely misses you. The dire elephant closely misses you.
Your ice beast hits the dire elephant but does no damage. x2
Your ice beast hits the dire elephant.
Your ice beast freezes the dire elephant.
Aim: a dire elephant (almost dead, poisoned)
You shoot a stone. The stone hits the dire elephant!
You kill the dire elephant!
Vehumet accepts your kill.
You feel your power returning.
You regained 5 mp, and now have 8/38 mp.
e - 313 stones (gained 3)
There is a large open door here.
Your ice beast disappears in a puff of smoke!
e - 314 stones (gained 1)
You start resting.
Your ice beast disappears in a puff of smoke!
All of the chunks of flesh in your inventory have rotted away.
Your ice beast disappears in a puff of smoke!
Your icy armour starts to melt.
You regained 6 hp, and now have 45/86 hp.
You regained 5 mp, and now have 15/38 mp.
There is a large open door here.
You start resting.
Your icy armour evaporates.
You start resting.
You are feeling hungry.
You regained 17 hp, and now have 63/86 hp.
You regained 19 mp, and now have 36/38 mp.
You start resting.
Health restored: 86; MP restored: 38 You open the door.
There is an open door here.
You feel very buoyant.
You fly up into the air.
You eat one of the 5 royal jellies.
That royal jelly was delicious!
A chill wind blows around you.
You now have 34/38 mp.
A chill wind blows around you.
You now have 30/38 mp.
A chill wind blows around you.
You now have 26/38 mp.
A film of ice covers your body!
You now have 24/38 mp.
You reach down and open the large door. 2 dire elephants come into view.
You swap places.
Your ice beast hits the dire elephant but does no damage.
Aim: a dire elephant The shard of ice hits the dire elephant.
The dire elephant tramples you but does no damage.
The dire elephant trunk-slaps you but does no damage.
Your ice beast hits the dire elephant but does no damage.
You now have 21/38 mp.
Aim: a dire elephant (moderately wounded)
The shard of ice hits the dire elephant.
The dire elephant tramples you!!
You are shoved backwards!
Your ice beast hits the dire elephant but does no damage. x2
Your ice beast hits the dire elephant.
Your ice beast freezes the dire elephant!
You take 34 damage, and have 52/86 hp.
MASSIVE DAMAGE!!
You now have 17/38 mp.
Aim: a dire elephant (water, moderately wounded)
The shard of ice hits the dire elephant.
The dire elephant tramples you!
You are shoved backwards!
You take 9 damage, and have 43/86 hp.
You now have 13/38 mp.
Unknown command.
Your ice beast hits the dire elephant but does no damage.
Unknown command.
Aim: a dire elephant (heavily wounded)
Okay, then.
Aim: a dire elephant (heavily wounded)
You exhale a wave of freezing cold.
The freezing breath hits the dire elephant. x2
The dire elephant appears unharmed.
You feel somewhat more hungry. The dire elephant tramples you!
You are shoved backwards!
Your ice beast hits the dire elephant but does no damage. x2
You take 11 damage, and have 32/86 hp.
Unknown command.
The shard of ice hits the dire elephant.
The dire elephant tramples your ice beast!
Your ice beast holds its ground!
The dire elephant trunk-slaps your ice beast!
The dire elephant tramples you!!
* * * LOW HITPOINT WARNING * * *
You hold your ground!
The dire elephant trunk-slaps you but does no damage.
Your ice beast barely misses the dire elephant.
Your ice beast hits the dire elephant.
Your ice beast freezes the dire elephant!
Your ice beast hits the dire elephant but does no damage.
You take 29 damage, and have 3/86 hp.
MASSIVE DAMAGE!!
You now have 10/38 mp.
Okay, then.
You feel much better.
The dire elephant closely misses your ice beast.
The dire elephant barely misses your ice beast.
The dire elephant tramples you!!
You die...

............................#.P.#
...................P#...........#
.................................
♣.............................#..
#♣####♣.......♣########'''#######
##♣....###...........P.....
#♣♣♣##...#####8.⌠.8#####P
####.###≈.###8.8##
####P...#@YYY.######
#+#....####.≈Y≈Y#...?##
#.#.####.8#.≈≈≈≈'...$|#
#...#.....'..≈≈≈'...![#
#..8#....8##P≈≈##...[##
###'##''######### #####
♣8♣##.#..#..# ♣..........#
##........##


You could see 2 dire elephants and 3 friendly ice beasts.

Vanquished Creatures
  An acid blob (Lair:6)
  A dire elephant (Lair:6)
  4 hydras
  A catoblepas (Lair:5)
  3 two-headed ogres
  A death yak (Lair:5)
  The ghost of Paps the Slasher, a novice DsFi (D:5)
  A wolf spider (Lair:2)
  6 elephants
  4 black mambas
  A torpor snail (Lair:2)
  10 spiny frogs
  5 komodo dragons
  2 rime drakes
  A troll (D:9)
  2 polar bears
  A queen bee (D:10)
  Prince Ribbit (D:7)
  12 blink frogs
  Grinder (Sewer)
  A dream sheep (Lair:3)
  A slime creature (Lair:6)
  6 hippogriffs
  5 wyverns
  34 yaks
  2 basilisks
  A hungry ghost (D:9)
  Menkaure (D:7)
  2 hell hounds (D:8)
  5 porcupines
  10 water moccasins
  2 orc warriors
  4 sky beasts
  5 black bears
  2 phantoms
  5 ogres
  A wolf (Lair:6)
  20 crocodiles
  2 centaurs (D:9)
  4 big kobolds
  6 bullfrogs
  2 scorpions (D:5)
  10 killer bees (D:10)
  A wight (D:9)
  A howler monkey (D:4)
  An electric eel (Lair:6)
  3 crimson imps
  5 hounds
  2 orc priests
  A bullfrog zombie (D:5)
  6 orc wizards
  2 bullfrog skeletons (D:4)
  3 jellies
  Crazy Yiuf (D:7)
  2 centaur skeletons
  Ijyb (D:5)
  4 worker ants
  4 big kobold zombies (Sewer)
  A worker ant zombie (D:9)
  A howler monkey skeleton (D:9)
  19 adders
  3 shadow imps
  3 ufetubi (Sewer)
  An adder skeleton (D:4)
  3 adder zombies
  3 worms
  A dart slug (D:4)
  5 leopard geckos
  20 orcs
  8 giant cockroaches
  7 goblins
  11 hobgoblins
  6 iguanas
  9 jackals
  7 quokkas
  A ball python (D:1)
  9 bats
  4 frilled lizards
  28 kobolds
  2 kobold zombies (Sewer)
  A quokka skeleton (D:7)
  12 rats
  2 plants (Lair:6)
394 creatures vanquished.

Vanquished Creatures (collateral kills)
  A dire elephant (Lair:6)
  A hydra (Lair:3)
  An anaconda (Lair:6)
  3 elephants (Lair:3)
  A merfolk siren (Lair:2)
  A centaur zombie (D:10)
  4 spiny frogs
  6 blink frogs
  2 hippogriffs
  A slime creature (Lair:6)
  A spriggan (Lair:3)
  12 yaks
  2 basilisks (Lair:2)
  A water moccasin (Lair:5)
  2 porcupines (Lair:2)
  2 black bears
  3 killer bees (D:10)
  2 wights (D:9)
  A crimson imp (D:10)
  A quasit (Sewer)
  A jelly (D:10)
  2 orc wizards
  2 adders (Lair:2)
  6 orcs
  4 kobolds
  A fungus (Lair:2)
  A plant (Lair:6)
65 creatures vanquished.

Vanquished Creatures (others)
  A bullfrog zombie (D:5)
  An adder skeleton (D:5)
  A leopard gecko (D:5)
  A quokka (D:9)
  16 fungi
  46 plants
66 creatures vanquished.

Grand Total: 525 creatures vanquished

Notes
Turn   | Place    | Note
-------+----------+-------------------------------------------
     0 | D:1      | Gorglomux the Draconian Ice Elementalist began the quest for the Orb.
     0 | D:1      | Reached XP level 1. HP: 14/14 MP: 3/3
   324 | D:1      | Reached XP level 2. HP: 20/20 MP: 3/5
  1129 | D:2      | Reached XP level 3. HP: 26/26 MP: 7/7
  1456 | D:2      | Reached skill level 4 in Ice Magic
  2014 | D:2      | Reached skill level 3 in Spellcasting
  2014 | D:2      | Reached XP level 4. HP: 10/33 MP: 0/8
  2250 | D:2      | Found a shimmering altar of Xom.
  2449 | D:3      | Reached XP level 5. HP: 32/38 MP: 2/9
  2834 | D:3      | Reached skill level 5 in Ice Magic
  2857 | D:3      | Found a glowing golden altar of the Shining One.
  3213 | D:4      | Noticed an ogre
  3454 | D:4      | Killed an ogre
  3454 | D:4      | Reached XP level 6. HP: 38/45 MP: 6/11
  3458 | D:4      | Reached skill level 4 in Spellcasting
  3458 | D:4      | Reached skill level 6 in Ice Magic
  3711 | D:4      | Found a hide-covered altar of Uskayaw.
  3719 | D:4      | Noticed a hand axe
  3719 | D:4      | Noticed a hand axe
  4305 | D:5      | Entered Level 5 of the Dungeon
  4354 | D:5      | Your scales start taking on an icy white colour.
  4354 | D:5      | Reached skill level 8 in Ice Magic
  4354 | D:5      | Reached XP level 7. HP: 36/50 MP: 13/13
  4354 | D:5      | Gained mutation: Your flesh is cold resistant. (rC+) [White Draconian growth]
  4437 | D:5      | Noticed Ijyb
  4446 | D:5      | Killed Ijyb
  4458 | D:5      | Learned a level 4 spell: Throw Icicle
  4503 | D:5      | HP: 12/50 [poisoned by a big kobold]
  4509 | D:5      | HP: 11/50 [poisoned by a big kobold]
  4517 | D:5      | HP: 10/50 [poisoned by a big kobold]
  4844 | D:5      | Reached skill level 9 in Ice Magic
  4901 | D:5      | Found Ifias's Antique Weapon Emporium.
  4997 | D:5      | Noticed Paps's ghost (novice DsFi)
  5018 | D:5      | Reached skill level 5 in Spellcasting
  5031 | D:5      | HP: 11/50 [bullfrog zombie (5)]
  5032 | D:5      | HP: 5/50 [bullfrog zombie (6)]
  5333 | D:5      | Found a staircase to the Ecumenical Temple.
  5342 | Temple   | Entered the Ecumenical Temple
  5512 | Temple   | Became a worshipper of Vehumet
  5537 | D:5      | Learned a level 4 spell: Summon Ice Beast
  5541 | D:5      | Learned a level 3 spell: Ozocubu's Armour
  5823 | D:5      | Killed Paps's ghost
  5823 | D:5      | Reached skill level 10 in Ice Magic
  5823 | D:5      | Reached XP level 8. HP: 26/57 MP: 4/16
  5931 | D:5      | Found an iron altar of Okawaru.
  6184 | D:5      | HP: 10/57 [orc priest/divine providence (10)]
  6191 | D:5      | HP: 6/57 [orc priest/nerve-wracking pain (5)]
  6192 | D:5      | HP: 2/57 [orc priest/club (4)]
  6591 | D:5      | Reached skill level 2 in Conjurations
  6591 | D:5      | Reached skill level 1 in Summonings
  6837 | D:6      | Reached skill level 3 in Conjurations
  7091 | D:6      | Reached skill level 6 in Spellcasting
  7173 | D:6      | Found a glowing drain.
  7234 | Sewer    | Entered a sewer
  7296 | Sewer    | Reached skill level 2 in Summonings
  7363 | Sewer    | Reached * piety under Vehumet
  7363 | Sewer    | Offered knowledge of Shock by Vehumet.
  7643 | Sewer    | Found a burning altar of Makhleb.
  7665 | Sewer    | Reached skill level 11 in Ice Magic
  7723 | Sewer    | Noticed Grinder
  7738 | Sewer    | Killed Grinder
  7738 | Sewer    | Reached XP level 9. HP: 61/62 MP: 5/18
  7945 | Sewer    | Reached ** piety under Vehumet
  7960 | Sewer    | Offered knowledge of Flame Tongue by Vehumet.
  7980 | Sewer    | Reached skill level 4 in Conjurations
  8760 | D:7      | Noticed Menkaure
  8764 | D:7      | Killed Menkaure
  8764 | D:7      | Reached skill level 3 in Summonings
  9078 | D:7      | Found a runed door.
  9151 | D:7      | Noticed Prince Ribbit
  9158 | D:7      | Killed Prince Ribbit
  9158 | D:7      | Reached skill level 5 in Conjurations
  9382 | D:7      | Noticed Crazy Yiuf
  9383 | D:7      | Killed Crazy Yiuf
 10060 | D:8      | Found a staircase to the Lair.
 10097 | D:8      | Reached skill level 12 in Ice Magic
 10300 | D:8      | Offered knowledge of Inner Flame by Vehumet.
 10509 | D:9      | Reached skill level 4 in Summonings
 10603 | D:9      | Reached *** piety under Vehumet
 10808 | D:9      | Found a staircase to the Orcish Mines.
 10961 | D:9      | Reached skill level 6 in Conjurations
 10961 | D:9      | Reached XP level 10. HP: 63/69 MP: 5/20
 11172 | D:9      | Found a white marble altar of Elyvilon.
 11499 | D:9      | Noticed a two-headed ogre
 11506 | D:9      | Killed a two-headed ogre
 11506 | D:9      | Reached skill level 7 in Spellcasting
 11548 | D:9      | Found a glowing golden altar of the Shining One.
 11650 | D:9      | Found a deep blue altar of Sif Muna.
 11671 | D:9      | Found an iron altar of Okawaru.
 11681 | D:9      | Found a blossoming altar of Fedhas.
 11703 | D:9      | Offered knowledge of Conjure Flame by Vehumet.
 11703 | D:9      | Reached skill level 7 in Conjurations
 11754 | D:9      | Reached skill level 13 in Ice Magic
 12186 | D:10     | Entered Level 10 of the Dungeon
 12216 | D:10     | Found Ifinioph's General Store.
 12324 | D:10     | Noticed a two-headed ogre
 12333 | D:10     | Killed a two-headed ogre
 12333 | D:10     | Reached skill level 8 in Spellcasting
 12547 | D:10     | Got a bone hunting sling
 12548 | D:10     | Identified the +12 hunting sling of Extermination {venom, rN+ Stlth+} (You found it on level 10 of the Dungeon)
 12574 | D:10     | Noticed a two-headed ogre
 12590 | D:10     | Killed a two-headed ogre
 12590 | D:10     | Reached XP level 11. HP: 74/74 MP: 23/23
 12751 | D:10     | Found Pufeanie's Antique Weapon Emporium.
 12756 | D:10     | Bought an ichor-stained hunting sling for 156 gold pieces
 12756 | D:10     | Identified the +4 hunting sling of Jakhoerr {freeze, *Corrode rElec SInv Stlth+} (You bought it in a shop on level 10 of the Dungeon)
 13027 | D:10     | Reached skill level 1 in Slings
 13194 | D:10     | Reached **** piety under Vehumet
 13516 | Lair:1   | Entered Level 1 of the Lair of Beasts
 13933 | Lair:1   | Reached skill level 2 in Slings
 14019 | Lair:1   | Offered knowledge of Ignite Poison by Vehumet.
 14062 | Lair:1   | Reached skill level 9 in Spellcasting
 14098 | Lair:1   | Reached skill level 8 in Conjurations
 14439 | Lair:2   | Reached skill level 3 in Slings
 14686 | Lair:2   | Reached skill level 4 in Slings
 15093 | Lair:2   | Reached skill level 10 in Spellcasting
 15313 | Lair:2   | Noticed a wolf spider
 15318 | Lair:2   | Killed a wolf spider
 15366 | Lair:2   | Reached skill level 5 in Slings
 15366 | Lair:2   | Reached skill level 14 in Ice Magic
 15474 | Lair:2   | Reached XP level 12. HP: 33/81 MP: 12/26
 15642 | Lair:2   | Reached ***** piety under Vehumet
 15770 | Lair:2   | Offered knowledge of Force Lance by Vehumet.
 16186 | Lair:2   | Found a staircase to the Shoals.
 16312 | Lair:2   | Noticed a five-headed hydra
 16323 | Lair:2   | Killed a five-headed hydra
 16999 | Lair:3   | Reached skill level 6 in Slings
 17432 | Lair:3   | Reached skill level 9 in Conjurations
 17725 | Lair:3   | Noticed a six-headed hydra
 17862 | Lair:3   | Killed a six-headed hydra
 17883 | Lair:3   | Got a polished hand crossbow
 17884 | Lair:3   | Identified the +5 hand crossbow of Cituhugh {penet, +Fly rElec} (You found it on level 3 of the Lair of Beasts)
 18206 | Lair:4   | Found a hole to the Spider Nest.
 18478 | Lair:4   | Reached skill level 11 in Spellcasting
 18860 | Lair:4   | Found a hide-covered altar of Uskayaw.
 18867 | Lair:4   | Reached skill level 7 in Slings
 19410 | Lair:5   | Noticed a seven-headed hydra
 19418 | Lair:5   | Killed a seven-headed hydra
 19695 | Lair:5   | Noticed a death yak
 19737 | Lair:5   | Killed a death yak
 19866 | Lair:5   | Noticed a catoblepas
 19876 | Lair:5   | Killed a catoblepas
 19884 | Lair:5   | Reached XP level 13. HP: 71/86 MP: 24/28
 20550 | Lair:5   | Reached skill level 8 in Slings
 21221 | Lair:6   | Entered Level 6 of the Lair of Beasts
 21225 | Lair:6   | Found a runed door.
 21227 | Lair:6   | Found a viscous altar of Jiyva.
 21229 | Lair:6   | Noticed an acid blob
 21230 | Lair:6   | Found a staircase to the Slime Pits.
 21247 | Lair:6   | Killed an acid blob
 21418 | Lair:6   | Reached skill level 10 in Conjurations
 21544 | Lair:6   | Reached skill level 15 in Ice Magic
 21595 | Lair:6   | Offered knowledge of Bolt of Fire by Vehumet.
 21677 | Lair:6   | Reached skill level 12 in Spellcasting
 21825 | Lair:6   | Gorglomux: !rng bof+viper focusice
 21825 | Lair:6   | beem: The RNG chooses: focusice.
 22276 | Lair:6   | Reached skill level 9 in Slings
 22573 | Lair:6   | Noticed a dire elephant
 22585 | Lair:6   | Killed a dire elephant
 22776 | Lair:6   | Noticed a dire elephant
 22793 | Lair:6   | Killed a dire elephant
 23008 | Lair:6   | Noticed a dire elephant
 23008 | Lair:6   | Noticed a dire elephant
 23016 | Lair:6   | HP: 3/86 [dire elephant (30)]
 23017 | Lair:6   | Slain by a dire elephant

Vault maps used:
D:1:      minmay_arrival_cross
D:2:      dk_xom_monty_hall
D:3:      wad_pebble_path, nicolae_tso_carved_into_rock
D:4:      dancing_weapons_uskayaw
D:5:      cheibrodos_thug_alley, lemuel_temple_firewalk_b, serial_shops, shop,
          basic_altar, first_bread, serial_park_tiny_2, uniq_ijyb
D:6:      portal_sewer_entry_b
D:7:      uniq_menkaure, uniq_crazy_yiuf_cottage, uniq_prince_ribbit1
D:8:      minmay_lair_entry_lava
D:9:      elyvilon_altar_4, nicolae_overflow_quartered_altars, orc_0_dummy
D:10:     serial_shops, shop, shop, david_nohive_1
Temple:   eino_temple_scatter_basement
Lair:1:   columned_hall_lemuel, lemuel_fruit_fields
Lair:2:   minmay_lair_venomous_thicket, minmay_shoals_entry_lonely_mermaid,
          beast_lair_carwin_7, serial_bayou_shore_a
Lair:3:   grunt_forest_large_clearing_hut
Lair:4:   dummy_spider_entry, basic_altar, hangedman_lair_unloving_vines,
          serial_bayou_lake_a, infiniplex_staircase_pool_2
Lair:5:   serial_bayou_pond_b, nicolae_lair_yak_garden, grunt_megastairs_1
Lair:6:   due_jungle_book, slime_altar_2, wad_woods_river_01,
          lemuel_fruit_fields
Sewer:    kennysheep_sewer_church

Skill      XL: |  1  2  3  4  5  6  7  8  9 10 11 12 13 |
---------------+----------------------------------------+-----
Ice Magic      | 4 5 8 10 11 12 13 14 15 | 15.2
Spellcasting   | 3 4 5 6 8 10 11 12 | 12.2
Conjurations   | 3 6 7 8 9 10 | 10.3
Summonings     | 2 4 |  4.7
Slings         | 5 7 9 |  9.2
Dodging        | |  1.7
Stealth        | |  1.7

Action                   |  1- 3 |  4- 6 |  7- 9 | 10-12 | 13-15 || total
-------------------------+-------+-------+-------+-------+-------++-------
Melee: Unarmed           |     3 |       |       |       |       ||     3
       Tailslap          |     1 |       |       |     4 |       ||     5
       Staff             |       |       |       |    16 |       ||    16
 Fire: Hunting sling     |    84 |   193 |   305 |   410 |   231 ||  1223
Throw: Stone             |       |       |    57 |     4 |       ||    61
 Cast: Freeze            |    37 |    72 |   142 |    31 |     1 ||   283
       Summon Ice Beast  |       |       |    17 |    67 |    27 ||   111
       Throw Icicle      |       |       |    72 |    97 |    41 ||   210
       Ozocubu's Armour  |       |       |     1 |       |     4 ||     5
 Abil: Breathe Frost     |       |       |    18 |    26 |     3 ||    47
  Use: Scroll            |       |       |     7 |    13 |     7 ||    27
       Potion            |       |       |     1 |     1 |     2 ||     4
 Stab: Distracted        |       |       |       |     1 |       ||     1
  Eat: Chunk             |     2 |     3 |    24 |    43 |     9 ||    81
       Meat ration       |       |     1 |     2 |       |       ||     3
       Fruit             |       |       |     2 |     1 |       ||     3
       Royal jelly       |       |       |     1 |     2 |     2 ||     5
Armor: Skin              |    21 |    41 |   152 |    83 |    33 ||   330
Dodge: Dodged            |    46 |    94 |   262 |   153 |    32 ||   587

Vault maps used:
D:1:      minmay_arrival_cross
D:2:      dk_xom_monty_hall
D:3:      wad_pebble_path, nicolae_tso_carved_into_rock
D:4:      dancing_weapons_uskayaw
D:5:      cheibrodos_thug_alley, lemuel_temple_firewalk_b, serial_shops, shop,
          basic_altar, first_bread, serial_park_tiny_2, uniq_ijyb
D:6:      portal_sewer_entry_b
D:7:      uniq_menkaure, uniq_crazy_yiuf_cottage, uniq_prince_ribbit1
D:8:      minmay_lair_entry_lava
D:9:      elyvilon_altar_4, nicolae_overflow_quartered_altars, orc_0_dummy
D:10:     serial_shops, shop, shop, david_nohive_1
Temple:   eino_temple_scatter_basement
Lair:1:   columned_hall_lemuel, lemuel_fruit_fields
Lair:2:   minmay_lair_venomous_thicket, minmay_shoals_entry_lonely_mermaid,
          beast_lair_carwin_7, serial_bayou_shore_a
Lair:3:   grunt_forest_large_clearing_hut
Lair:4:   dummy_spider_entry, basic_altar, hangedman_lair_unloving_vines,
          serial_bayou_lake_a, infiniplex_staircase_pool_2
Lair:5:   serial_bayou_pond_b, nicolae_lair_yak_garden, grunt_megastairs_1
Lair:6:   due_jungle_book, slime_altar_2, wad_woods_river_01,
          lemuel_fruit_fields
Sewer:    kennysheep_sewer_church

Table legend:
 A = Turns spent in this place as a percentage of turns spent in the entire game.
 B = Non-inter-level travel turns spent in this place as a percentage of non-inter-level travel turns spent in the entire game.
 C = Inter-level travel turns spent in this place as a percentage of turns spent in this place.
 D = Turns resting spent in this place as a percentage of non-inter-level travel turns spent in this place.
 E = Turns spent auto-exploring this place as a percentage of non-inter-level travel turns spent in this place.
 F = Non-inter-level travel turns spent in this place divided by the number of levels of this place that you've seen.
                   A       B       C       D       E      F
               +-------+-------+-------+-------+-------+----------------------
         Total | 100.0 | 100.0 |   0.4 |   5.0 |  10.2 | 307.9
       Dungeon |  54.9 |  54.8 |   0.5 |   4.9 |  10.8 | 303.9
        Temple |   0.5 |   0.5 |   7.4 |   8.0 |  76.0 |  25.0
          Lair |  38.1 |  38.2 |   0.3 |   4.9 |   9.6 | 352.5
         Sewer |   6.5 |   6.6 |   0.0 |   5.8 |   4.1 | 364.0
               +-------+-------+-------+-------+-------+----------------------

Table legend:
 A = Kills in this place as a percentage of kills in entire the game.
 B = Kills by you in this place as a percentage of kills by you in the entire game.
 C = Kills by friends in this place as a percentage of kills by friends in the entire game.
 D = Other kills in this place as a percentage of other kills in the entire game.
 E = Experience gained in this place as a percentage of experience gained in the entire game.
 F = Experience gained in this place divided by the number of levels of this place that you have seen.
                   A       B       C       D       E      F
               +-------+-------+-------+-------+-------+----------------------
         Total | 100.0 | 100.0 | 100.0 |  -nan | 100.0 | 3070.7
       Dungeon |  54.1 |  56.4 |  39.7 |  -nan |  21.1 | 1164.9
          Lair |  39.1 |  36.5 |  55.6 |  -nan |  77.9 | 7173.8
         Sewer |   6.8 |   7.1 |   4.8 |  -nan |   1.0 | 580.0
               +-------+-------+-------+-------+-------+----------------------
